 Dungeon Crawl Stone Soup version 0.18.1-8-gdd0e5ea (webtiles) character file.

18 Impy the Magician (level 2, 5/19 HPs)
             Began as a Demonspawn Wanderer on May 24, 2016.
             Quit the game on level 2 of the Dungeon.
             The game lasted 00:08:32 (1174 turns).

Impy the Magician (Demonspawn Wanderer)             Turns: 1174, Time: 00:08:33

Health: 5/19       AC:  2    Str: 10 (12) XL:     2   Next: 48%
Magic:  6/6        EV: 11    Int:  8 (11) God:
Gold:   30         SH:  0    Dex: 14 (17) Spells: 0 memorised, 8 levels left

rFire  . . .     SeeInvis .     e - +0 dagger
rCold  + . .     Gourm    .     d - +0 robe
rNeg   . . .     Faith    .     (no shield)
rPois  .         Spirit   .     (no helmet)
rElec  .         Dismiss  .     (no cloak)
rCorr  .         Reflect  .     (no gloves)
SustAt .         Harm     .     (no boots)
MR     .....                    (no amulet)
Stlth  ++........               m - ring of protection from cold
                                g - +3 ring of dexterity

@: not resistant to hostile enchantments, unstealthy
A: rot immunity
a: no special abilities


You were on level 2 of the Dungeon.
You were not hungry.

You visited 1 branch of the dungeon, and saw 2 of its levels.

You collected 30 gold pieces.

Inventory:

Hand Weapons
 e - a +0 dagger (weapon)
 i - a -2 spear
Armour
 d - a +0 robe (worn)
Jewellery
 g - a +3 ring of dexterity (left hand)
 m - a ring of protection from cold (right hand)
Potions
 c - a potion of curing
Books
 a - a book of Spatial Translocations

   Spells                             Type                      Level
   a - Apportation                    Translocation                1
   b - Blink                          Translocation                2
   c - Shroud of Golubria             Charms/Translocation         2
   d - Portal Projectile              Translocation                3
   e - Teleport Other                 Translocation                3
   f - Passage of Golubria            Translocation                4
 b - the Tome of Moulding

   Spells                             Type                      Level
   a - Beastly Appendage              Transmutation                1
   b - Spider Form                    Transmutation/Poison         3
Comestibles
 f - a bread ration
 h - 2 fruits


   Skills:
 + Level 0.1 Dodging
 + Level 1.1 Stealth
   Level 1.0 Shields
 + Level 3.6 Spellcasting
   Level 2.0 Conjurations
   Level 1.7 Translocations
   Level 1.0 Air Magic


You had 8 spell levels left.
You didn't know any spells.

Dungeon Overview and Level Annotations

Branches:
Dungeon (2/15)

Altars:

Annotations:
D:2 Ijyb


Innate Abilities, Weirdness & Mutations

You are immune to rotting.


Message History

The bat barely misses you. The goblin misses you.
The bat hits you but does no damage. The bat hits you but does no damage.
The bat closely misses you.
You closely miss the bat. The bat misses you.
The bat hits you but does no damage.
You closely miss the bat. The bat hits you but does no damage.
The bat hits you.
You hit the bat.
You kill the bat!
You hit Ijyb.
Ijyb is lightly wounded.
Ijyb hits you with a club.
* * * LOW HITPOINT WARNING * * *
Drink which item? (? for menu, Esc to quit)
Okay, then.
That item cannot be evoked!
You don't know any spells.
You don't know any spells.
Are you sure you want to abandon this character and quit the game? (Confirm with "yes".)

### ### # #.. ..# #######
#.####.# #.# #.....# ####
#...<#.###[# #.....# ...
#####..#.....####r....###.###.
.....)..........@gg.......>....
#######.#...#.#########........
#...#.#.#########........
.......#<#.##...)..'$.r.....
#.#####.#......######........
###...#### #........
.........>...# #........
..........!#.# #.$......
.......[...# #........


You could see Ijyb, a goblin and a rat.

Vanquished Creatures
  2 giant geckos (D:1)
  A giant cockroach (D:1)
  4 goblins
  A hobgoblin (D:1)
  2 bats
  2 giant newts (D:1)
  A kobold (D:1)
  2 rats (D:1)
15 creatures vanquished.

Notes
Turn   | Place    | Note
--------------------------------------------------------------
     0 | D:1      | Impy the Demonspawn Wanderer began the quest for the Orb.
     0 | D:1      | Impy set off with: a book of Spatial Translocations, the Tome of Moulding, a potion of curing, a +0 robe, a +0 dagger, a bread ration
     0 | D:1      | Reached XP level 1. HP: 13/13 MP: 4/4
   440 | D:1      | Gained mutation: You are immune to rotting. [demonic ancestry]
   440 | D:1      | Reached XP level 2. HP: 19/19 MP: 6/6
  1096 | D:2      | Noticed Ijyb
  1174 | D:2      | Quit the game

Action                   || total
-------------------------++-------
Melee: Dagger            ||    72
       Spear             ||     1
  Use: Scroll            ||     2
       Potion            ||     3
 Stab: Sleeping          ||     3
  Eat: Fruit             ||     1
Armor: Robe              ||    13
Dodge: Dodged            ||    47
